 Dungeon Crawl Stone Soup version 0.27.1-33-g824d729ab1 (webtiles) character file.

Game seed: 11100162914364869428

45 potato4science the Sneak (level 3, -2/23 HPs)
             Began as an Octopode Hedge Wizard on Dec 17, 2021.
             Slain by a gnoll (7 damage)
             ... on level 2 of the Dungeon.
             The game lasted 00:04:17 (1564 turns).

potato4science the Sneak (Octopode Hedge Wizard)    Turns: 1564, Time: 00:04:17

Health: -2/23      AC:  1    Str:  9    XL:     3   Next: 64%
Magic:  7/7        EV: 13    Int: 17    God:
Gold:   46         SH:  0    Dex: 11    Spells: 7/8 levels left

rFire    . . .     SeeInvis .   k - +1 dagger (holy)
rCold    . . .     Faith    .   (no shield)
rNeg     . . .     Spirit   .   b - +0 hat
rPois    .         Reflect  .   (no amulet)
rElec    .         Harm     .   g - ring of resist corrosion
rCorr    +         Rampage  .   (no ring)
Will     .....                  (no ring)
Stlth    ++++......             (no ring)
HPRegen  0.07/turn              (no ring)
MPRegen  0.10/turn              (no ring)
                                (no ring)
                                (no ring)

@: no status effects
A: almost no armour, amphibious, 8 rings, camouflage 1, gelatinous body 1,
(nimble swimmer 1), tentacles
a: no special abilities


You were on level 2 of the Dungeon.
You visited 1 branch of the dungeon, and saw 2 of its levels.

You collected 46 gold pieces.

Inventory:

Hand Weapons
 k - a +1 dagger of holy wrath (weapon)
Armour
 b - a +0 hat (worn)
Jewellery
 g - a ring of resist corrosion (left tentacle)
Wands
 a - a wand of flame (13)
Scrolls
 e - a scroll of immolation {unknown}
 f - a scroll of magic mapping {unknown}
 h - a scroll of vulnerability {unknown}
 i - a scroll of fog {unknown}
 j - a scroll of amnesia {unknown}
Potions
 c - a potion of heal wounds {unknown}
 d - a potion of brilliance {unknown}


   Skills:
 - Level 1.0 Fighting
 - Level 1.0 Short Blades
 - Level 2.0 Dodging
 + Level 4.9 Stealth
 - Level 3.0 Spellcasting
 - Level 1.0 Conjurations
 - Level 1.0 Summonings
 - Level 1.0 Translocations


You had 7 spell levels left.
You knew the following spells:

 Your Spells              Type           Power      Damage    Failure   Level
a - Magic Dart            Conj           20%        1d4       12%         1

Your spell library contained the following spells:

 Spells                   Type           Power      Damage    Failure   Level
 Blink                    Tloc           N/A        N/A       17%         2
 Call Imp                 Summ           5%         N/A       17%         2
 Slow                     Hex            2%         N/A       26%         2
 Conjure Flame            Conj/Fire      4%         6-21      38%         3
 Mephitic Cloud           Conj/Pois/Air  3%         N/A       41%         3


Dungeon Overview and Level Annotations

Branches:
Dungeon (2/15)

Altars:


Innate Abilities, Weirdness & Mutations

You cannot wear most types of armour.
You are amphibious.
You can wear up to eight rings at the same time.
Your skin changes colour to match your surroundings (Stealth+).
Your rubbery body absorbs attacks. (AC +1, EV +1)
((You are camouflaged near water. (Stealth+)))
You have tentacles for arms and can constrict up to eight enemies at once.


Message History

You drop a +0 dagger.
You see here a +0 dagger.
A rat comes into view.
a - a wand of flame (13)
The magic dart hits the rat.
You kill the rat!
Magic restored.
Found 20 sling bullets.
A gnoll comes into view. It is wielding a +0 spear.
A gnoll comes into view. It is wielding a +0 club.
The helpless gnoll fails to defend itself.
You puncture the gnoll!
You kill the gnoll!
A goblin and 2 gnolls come into view.
You see here a +0 spear.
A bat comes into view.
The gnoll shouts!
The goblin shouts!
You hear an angry hiss.
The gnoll hits you from afar with a +0 spear.
An adder comes into view.
The bat hits you. The gnoll hits you with a +0 spear.
The goblin hits you with a +0 dagger. The gnoll misses you.
The bat hits you but does no damage. The gnoll hits you with a +0 whip.
The gnoll misses you. The bat hits you. The gnoll hits you with a +0 whip.
* * * LOW HITPOINT WARNING * * *
You see here a +0 spear.
Casting: Magic Dart (safe; 12% risk of failure)
Confirm with . or Enter, or press ? or * to list all spells.
You don't know that spell.
Memorise Blink, consuming 2 spell levels and leaving 5? [Y]es or [N]o only, please.
Memorise Blink, consuming 2 spell levels and leaving 5?
You start memorising the spell.
You continue memorising.
The gnoll misses you. The gnoll hits you with a +0 whip.
Your memorisation is interrupted.
* * * LOW HITPOINT WARNING * * *
The bat hits you but does no damage. The bat misses you.
The gnoll hits you with a +0 whip!
You die...

###.##### #.#...).......#
#<....... #†#.####......#
##.########...# #......# .#
#....######......# ###
#.##.##..........# .
####.##.##.##.#...###
#####.#....##....##.#.#.# ##
#.....#.##.....####.###.######.
..............@+...^...........
#.......##...gg####.##########.
.........#...b.# #.# #.
...#(###.#.g...# ... #. .. #.
#..S....# #.. . # ##......# #..
#g.....# #.. #.###### #.. #..#
#..


You could see 3 gnolls, an adder, a goblin and a bat.

Vanquished Creatures
  A gnoll (D:2)
  A dart slug (D:1)
  4 ball pythons (D:1)
  4 endoplasms (D:1)
  2 goblins
  A hobgoblin (D:1)
  4 jackals (D:1)
  4 kobolds
  2 quokkas (D:1)
  4 frilled lizards (D:1)
  4 rats
31 creatures vanquished.

Notes
Turn   | Place    | Note
-------+----------+-------------------------------------------
     0 | D:1      | potato4science the Octopode Hedge Wizard began the quest
                  | for the Orb.
     0 | D:1      | Reached XP level 1. HP: 11/11 MP: 4/4
    50 | D:1      | Reached skill level 3 in Stealth
   674 | D:1      | Reached XP level 2. HP: 17/17 MP: 6/6
   731 | D:1      | Reached skill level 4 in Stealth
   767 | D:1      | Reached skill level 1 in Fighting
   780 | D:1      | Reached skill level 1 in Short Blades
   895 | D:1      | Reached XP level 3. HP: 23/23 MP: 7/7
  1564 | D:2      | Slain by a gnoll

Illustrated notes

Levels and vault maps discovered:
D:1:      mrwooster_arrival_arrow, layout_basic, minmay_close_crescents
D:2:      layout_basic, uniq_sigmund

Skill      XL: |  1  2 |
---------------+-------+-----
Stealth        | 3 4 |  4.9
Fighting       | 1 |  1.0
Short Blades   | 1 |  1.0
Dodging        | |  2.0
Spellcasting   | |  3.0
Conjurations   | |  1.0
Summonings     | |  1.0
Translocations | |  1.0

Action                   || total
-------------------------++-------
Melee: Dagger            ||    39
       Constrict         ||     7
       Tentacles         ||     2
 Cast: Magic Dart        ||     7
 Stab: Sleeping          ||    17
Armor: Skin              ||     4
Dodge: Dodged            ||    19
